 Dungeon Crawl Stone Soup version 0.25-a0-404-gc1b5a34292 (webtiles) character file.

Game seed: 1190791619494174873, levelgen mode: deterministic

56 sankara the Chopper (level 3, 0/31 HPs)
             Began as a Minotaur Berserker on Jan 10, 2020.
             Was a Believer of Trog.
             Slain by a gnoll
             ... wielding a +0 halberd
              (9 damage)
             ... on level 2 of the Dungeon.
             The game lasted 00:03:46 (870 turns).

sankara the Chopper (Minotaur Berserker)             Turns: 870, Time: 00:03:47

Health: 0/31       AC:  2    Str: 22    XL:     3   Next: 69%
Magic:  2/2        EV: 12    Int:  4    God:    Trog [**....]
Gold:   45         SH:  0    Dex:  9    Spells: 2/2 levels left

rFire    . . .     SeeInvis .   a - +0 hand axe
rCold    . . .     Gourm    .   (no shield)
rNeg     . . .     Faith    .   b - +0 animal skin
rPois    .         Spirit   .   (helmet restricted)
rElec    .         Reflect  .   (no cloak)
rCorr    .         Harm     .   (no gloves)
MR       .....                  (no boots)
Stlth    +.........             o - amulet of regeneration {+regen, !d}
HPRegen  0.10/turn              (no ring)
MPRegen  0.08/turn              (no ring)

@: berserk cooldown, slowed, very slow
A: retaliatory headbutt, horns 2
a: Berserk, Trog's Hand, Renounce Religion


You were on level 2 of the Dungeon.
You worshipped Trog.
Trog was pleased with you.
You were hungry.

You visited 1 branch of the dungeon, and saw 2 of its levels.

You collected 45 gold pieces.

Inventory:

Hand Weapons
 a - a +0 hand axe (weapon)
Missiles
 k - 30 bolts
 m - 23 sling bullets
Armour
 b - a +0 animal skin (worn)
 f - a +0 ring mail
   (You found it on level 2 of the Dungeon)
Jewellery
 j - an uncursed amulet of magic regeneration
   (You found it on level 1 of the Dungeon)
 o - an amulet of regeneration (around neck) {+regen, !d}
   (You found it on level 2 of the Dungeon)
Scrolls
 d - 2 scrolls of identify {unknown}
 g - 2 scrolls of enchant armour {unknown}
 h - a scroll of magic mapping {unknown}
 l - a scroll of remove curse {unknown}
Potions
 e - a potion of haste {unknown}
 i - 2 potions of experience {unknown}
Comestibles
 c - 3 rations
 n - 7 chunks of flesh {@w0}


   Skills:
 - Level 3.6 Fighting
 * Level 5.7 Axes
 - Level 2.4 Armour
 - Level 2.1 Dodging


You had 2 spell levels left.
You didn't know any spells.
Your spell library was empty.

Dungeon Overview and Level Annotations

Branches:
Dungeon (2/15)

Altars:


Innate Abilities, Weirdness & Mutations

You reflexively headbutt those who attack you in melee.
You have a pair of horns on your head.


Message History

You slash the dart slug!
The dart slug is almost dead.
You closely miss the rat. The dart slug bites you. The rat bites you.
You hit the dart slug but do no damage. You headbutt the dart slug.
You kill the dart slug!
Trog accepts your kill.
You hit the rat but do no damage. The rat closely misses you.
You hit the rat. You headbutt the rat.
You kill the rat!
Trog accepts your kill.
No target in view!
No target in view!
You see here a rat corpse.
You butcher the rat corpse.
n - 3 chunks of flesh {@w0} (gained 1)
You see here a rat skeleton.
You see here a dart slug corpse.
You butcher the dart slug corpse.
n - 4 chunks of flesh {@w0} (gained 1)
Things that are here:
a +0 short sword; a kobold corpse You see here a rat skeleton.
A dart slug comes into view.
The dart slug launches a dart at you. The slug dart misses you.
The dart slug launches a dart at you. The slug dart misses you.
You slash the dart slug!
The dart slug is severely wounded.
The dart slug launches a dart at you. The slug dart hits you.
You hit the dart slug but do no damage. You headbutt the dart slug.
You kill the dart slug!
Trog accepts your kill.
No target in view!
No target in view!
A bat comes into view.
The bat closely misses you.
You closely miss the bat. Your headbutt misses the bat.
The bat hits you but does no damage. The bat hits you.
The bat closely misses you.
You closely miss the bat. The bat hits you but does no damage.
The bat barely misses you. You furiously retaliate!
You headbutt the bat!
You kill the bat!
Trog accepts your kill.
No target in view!
No target in view!
No target in view!
o - a dented malachite amulet You remove your amulet of magic regeneration.
You sense that the amulet cannot attune itself to your injured body.
o - an amulet of regeneration (around neck)
You start resting.
A gnoll opens the door.
It is wielding a +0 spear.
The gnoll shouts!
You hear a shout!
A red film seems to cover your vision as you go berserk!
You feel yourself moving faster!
You feel mighty!
You are feeling hungry.
The gnoll barely misses you.
You feel a strong urge to attack something.
The gnoll closely misses you.
You slash the gnoll! You headbutt the gnoll.
You kill the gnoll!
Trog accepts your kill.
No target in view!
No target in view!
d - 2 scrolls labeled ENUAXT YMANUQU (gained 1)
Things that are here:
a +0 spear; a gnoll corpse You butcher the gnoll corpse.
You feel a strong urge to attack something.
n - 7 chunks of flesh {@w0} (gained 3)
Things that are here:
a +0 spear; a gnoll skeleton A gnoll comes into view.
You are no longer berserk.
You are exhausted.
You feel yourself slow down. The gnoll hits you.
You closely miss the gnoll. The gnoll hits you.
A gnoll comes into view. It is wielding a +0 halberd.
The gnoll hits you.
You barely miss the gnoll. Your headbutt misses the gnoll.
The gnoll barely misses you. You furiously retaliate!
You headbutt the gnoll!
The gnoll hits you from afar with a +0 halberd.
You hit the gnoll.
The gnoll is severely wounded.
The gnoll closely misses you. The gnoll hits you but does no damage.
The gnoll hits you.
* * * LOW HITPOINT WARNING * * *
You barely miss the gnoll.
The gnoll is severely wounded.
The gnoll barely misses you. The gnoll closely misses you. x3
The gnoll completely misses you. You furiously retaliate!
You headbutt the gnoll!
You kill the gnoll!
Trog accepts your kill. The gnoll completely misses you.
The gnoll hits you from afar with a +0 halberd!
You die...

##.....##.##.#.##.........#
.'.......g.................
##...##.####.#.##÷.....#
#...##..# #)#.##).#...#
#...###.# #.#.##......#
#...# #.# #.#.........#
#...# #.) #...........#.#
#...# ##.##..g..#.(.....#
##### #..#....@#.#..####
#.#.###.#.#.....
#.......#.##.####
#...###.#.# .# #.......#.#
.# #####...####.# #
.......÷####.#
######.....#.# #..##.#.#


You could see a gnoll.

Vanquished Creatures
  2 gnolls (D:2)
  2 dart slugs (D:2)
  2 leopard geckos
  2 giant cockroaches (D:2)
  3 goblins (D:1)
  2 hobgoblins (D:1)
  3 jackals (D:1)
  2 bats (D:2)
  2 frilled lizards
  6 kobolds
  8 rats
34 creatures vanquished.

Notes
Turn   | Place    | Note
-------+----------+-------------------------------------------
     0 | D:1      | sankara the Minotaur Berserker began the quest for the Orb.
     0 | D:1      | Reached XP level 1. HP: 19/19 MP: 0/0
   122 | D:1      | Reached skill level 4 in Axes
   253 | D:1      | Reached XP level 2. HP: 21/26 MP: 1/1
   713 | D:2      | Reached ** piety under Trog
   741 | D:2      | Reached skill level 5 in Axes
   781 | D:2      | Reached XP level 3. HP: 29/31 MP: 2/2
   870 | D:2      | Slain by a gnoll

Levels and vault maps discovered:
D:1:      psy_arrival_whirlpool, layout_basic
D:2:      layout_basic, serial_rivers, chequers_serial_rivers_room_a,
          chequers_serial_rivers_micro_b, chequers_serial_rivers_micro_b,
          chequers_serial_rivers_micro_b, chequers_serial_rivers_micro_d,
          chequers_serial_rivers_room_b, nicolae_qazlal_general_emergency

Skill      XL: |  1  2 |
---------------+-------+-----
Axes           | 4 5 |  5.7
Fighting       | |  3.6
Armour         | |  2.4
Dodging        | |  2.1

Action                   || total
-------------------------++-------
Melee: Hand axe          ||    64
       Headbutt          ||     9
Invok: Berserk           ||     3
  Eat: Chunk             ||     2
Armor: Animal skin       ||    10
Dodge: Dodged            ||    47

Table legend:
 A = Non-vault XP
 B = Vault XP
 C = Vault XP percentage of total XP
 D = Non-vault monster count
 E = Vault monster count
 F = Vault count percentage of total count
                 A         B        C        D         E       F
            +---------+---------+-------+---------+---------+-------
      Total |      80 |       0 |   0.0 |      34 |       0 |   0.0
            +---------+---------+-------+---------+---------+-------
        D:1 |      31 |       0 |   0.0 |      21 |       0 |   0.0
        D:2 |      49 |       0 |   0.0 |      13 |       0 |   0.0
            +---------+---------+-------+---------+---------+-------

Levels and vault maps discovered:
D:1:      psy_arrival_whirlpool, layout_basic
D:2:      layout_basic, serial_rivers, chequers_serial_rivers_room_a,
          chequers_serial_rivers_micro_b, chequers_serial_rivers_micro_b,
          chequers_serial_rivers_micro_b, chequers_serial_rivers_micro_d,
          chequers_serial_rivers_room_b, nicolae_qazlal_general_emergency

Table legend:
 A = Turns spent in this place as a percentage of turns spent in the entire game.
 B = Non-inter-level travel turns spent in this place as a percentage of non-inter-level travel turns spent in the entire game.
 C = Inter-level travel turns spent in this place as a percentage of turns spent in this place.
 D = Turns resting spent in this place as a percentage of non-inter-level travel turns spent in this place.
 E = Turns spent auto-exploring this place as a percentage of non-inter-level travel turns spent in this place.
 F = Non-inter-level travel turns spent in this place divided by the number of levels of this place that you've seen.
                   A       B       C       D       E      F
               +-------+-------+-------+-------+-------+----------------------
         Total | 100.0 | 100.0 |   3.7 |  15.5 |  51.9 | 419.0
       Dungeon | 100.0 | 100.0 |   3.7 |  15.5 |  51.9 | 419.0
               +-------+-------+-------+-------+-------+----------------------

Table legend:
 A = Kills in this place as a percentage of kills in entire the game.
 B = Kills by you in this place as a percentage of kills by you in the entire game.
 C = Kills by friends in this place as a percentage of kills by friends in the entire game.
 D = Other kills in this place as a percentage of other kills in the entire game.
 E = Experience gained in this place as a percentage of experience gained in the entire game.
 F = Experience gained in this place divided by the number of levels of this place that you have seen.
                   A       B       C       D       E      F
               +-------+-------+-------+-------+-------+----------------------
         Total | 100.0 | 100.0 |   N/A |   N/A | 100.0 |  40.0
       Dungeon | 100.0 | 100.0 |   N/A |   N/A | 100.0 |  40.0
               +-------+-------+-------+-------+-------+----------------------
